 Dungeon Crawl Stone Soup version 0.29-a0-451-gfbfa42419e (console) character file.

Game seed: 11826420923799715625

53998 Faeu the Severer (level 14, -11/119 (121) HPs)
             Began as a Minotaur Berserker on May 19, 2022.
             Was a High Priest of Trog.
             Mangled by a pharaoh ant (19 damage)
             ... on level 2 of the Spider Nest.
             The game lasted 01:50:01 (24307 turns).

Faeu the Severer (Minotaur Berserker)              Turns: 24307, Time: 01:50:02

HP:   -11/119 (121) AC: 22    Str: 27    XL:     14   Next: 32%
MP:   13/13         EV: 10    Int:  2    God:    Trog [*****.]
Gold: 1923          SH:  0    Dex: 10    Spells: 13/13 levels left

rFire   + + +      SeeInvis .   r - +4 broad axe
rCold   + + +      Faith    .   v - +2 shield of Resistance {rF++ rC++ Will++}
rNeg    + . .      Spirit   .   O - +5 ring mail "Ikef" {rPois rF+}
rPois   +          Reflect  .   o - +1 hat
rElec   +          Harm     .   A - +0 cloak of the Equator {rElec rN+ Stlth+}
rCorr   +          Rampage  .   W - +2 pair of gloves {infuse}
Will    +++..                   V - +1 pair of boots of Vemacs {Drain +Blink Regen+ rCorr}
Stlth   +.........              L - amulet of regeneration
HPRegen 1.89/turn               P - ring of flight
MPRegen 0.13/turn               B - ring "Mataj" {rF++ rC+ rCorr Int-2}

@: confused, about to teleport, ambrosia-drunk, spiked, on berserk cooldown,
flying, slowed, lightly drained, very slow
A: horns 2, retaliatory headbutt, deterioration 1, frail 1
a: Renounce Religion, Evoke Blink, Berserk, Trog's Hand, Brothers in Arms


You were on level 2 of the Spider Nest.
You worshipped Trog.
Trog was extremely pleased with you.
You visited 5 branches of the dungeon, and saw 23 of its levels.
You also visited: Gauntlet.

You collected 2151 gold pieces.
You spent 228 gold pieces at shops.

Inventory:

Hand Weapons
 i - a +2 broad axe of flaming
 r - a +4 broad axe (weapon)
 y - a +4 trident
 Q - a +7 executioner's axe
 X - the +2 morningstar "Uffudigy" {freeze, rN+}
   (You took it off a minotaur in a Gauntlet)

   It freezes those it strikes, dealing additional cold damage.
   It can also slow down cold-blooded creatures.
   rN:        It protects you from negative energy.
 Z - a +1 mace of holy wrath
Missiles
 a - 16 poisoned darts
 b - 7 boomerangs (quivered)
 Y - 4 silver javelins
Armour
 o - a +1 hat (worn)
 v - the +2 shield of Resistance (worn) {rF++ rC++ Will++}
   (You found it on level 2 of the Dungeon)

   rF:        It greatly protects you from fire.
   rC:        It greatly protects you from cold.
   Will:      It greatly increases your willpower.
 A - the +0 cloak of the Equator (worn) {rElec rN+ Stlth+}
   (You found it on level 5 of the Dungeon)

   rElec:     It insulates you from electricity.
   rN:        It protects you from negative energy.
   Stlth:     It makes you more stealthy.
 N - a +3 plate armour
 O - the +5 ring mail "Ikef" (worn) {rPois rF+}
   (You found it on level 5 of the Lair of Beasts)

   rF:        It protects you from fire.
   rPois:     It protects you from poison.
 T - the +2 plate armour of Ugunieda {+Blink rF- Will+}
   (You found it on level 6 of the Lair of Beasts)

   rF:        It makes you vulnerable to fire.
   +Blink:    It lets you blink.
   Will:      It increases your willpower.
 V - the +1 pair of boots of Vemacs (worn) {Drain +Blink Regen+ rCorr}
   (You bought it in a shop on level 2 of the Orcish Mines)

   +Blink:    It lets you blink.
   Regen:     It increases your rate of health regeneration.
   rCorr:     It protects you from acid and corrosion.
   Drain:     It drains your maximum health when unequipped.
 W - a +2 pair of gloves of infusion (worn)
Jewellery
 w - a +4 ring of evasion
 B - the ring "Mataj" (right hand) {rF++ rC+ rCorr Int-2}
   (You found it on level 5 of the Dungeon)

   [ring of protection from cold]

   Int:       It affects your intelligence (-2).
   rF:        It greatly protects you from fire.
   rC:        It protects you from cold.
   rCorr:     It protects you from acid and corrosion.
 L - an amulet of regeneration (around neck)
 P - a ring of flight (left hand)
Wands
 h - a wand of flame (63)
 n - a wand of iceblast (24)
 s - a wand of paralysis (9)
 u - a wand of polymorph (4)
 J - a wand of acid (12)
 M - a wand of mindburst (13)
 S - a wand of digging (5)
Scrolls
 d - 7 scrolls of teleportation
 g - 5 scrolls of fear
 k - 2 scrolls of fog
 p - 4 scrolls of amnesia
 z - a scroll of summoning
 D - 4 scrolls of blinking
 F - 2 scrolls of magic mapping
 G - a scroll of silence
 H - 2 scrolls of immolation
 I - 4 scrolls of enchant armour
 U - 3 scrolls of identify
Potions
 c - 8 potions of ambrosia
 e - 6 potions of curing
 f - 4 potions of attraction
 j - 2 potions of heal wounds {unknown}
 l - 2 potions of resistance {unknown}
 m - 2 potions of degeneration {unknown}
 q - 4 potions of haste
 t - 5 potions of mutation
 x - 3 potions of berserk rage {unknown}
 C - 7 potions of lignification
 E - 3 potions of might
 R - a potion of magic {unknown}
Miscellaneous
 K - a phantom mirror


   Skills:
 + Level 15.4 Fighting
 - Level 19.1 Axes
 + Level 14.9 Armour
 - Level 2.1 Dodging
 - Level 10.4 Shields
 - Level 1.1 Evocations


You had 13 spell levels left.
You didn't know any spells.
Your spell library was empty.

Dungeon Overview and Level Annotations

Branches:
Dungeon (12/15)            Temple (0/1) D:7            Lair (6/6) D:10
  Swamp (0/4) Lair:2       Spider (2/4) Lair:4        Slime (0/5) Lair:5
    Orc (2/2) D:11            Elf (1/3) Orc:2       Gauntlet (visited)

Altars:
Cheibriados
Fedhas
Gozag
Hepliaklqana
Kikubaaqudgha
Makhleb
Nemelex Xobeh
Ru
Sif Muna
Vehumet
Wu Jian
Xom

Shops:
D:1 [   D:3 [   D:5 :   Orc:2 ?([[

Annotations:
D:5 3 runed translucent doors, stillor's ghost, novice DrTm
D:9 exclusion: statue
Spider:2 Donald


Innate Abilities, Weirdness & Mutations

You have a pair of horns on your head.
You reflexively headbutt those who attack you in melee.
Your body sometimes deteriorates upon taking damage.
You are frail. (-10% HP)


Message History

The torpor snail misses you. The steelbarb worm hits you!!
Barbed spikes become lodged in your body.
As you read the scroll of teleportation, it crumbles to dust.
You feel strangely unstable.
The demonic crawler hits you but does no damage.
The demonic crawler hits you. You block the demonic crawler's attack.
You block the pharaoh ant's attack. The steelbarb worm barely misses you.
The demonic crawler hits you! The demonic crawler hits you. x2
You block the pharaoh ant's attack. The torpor snail bites you!
* * * LOW HITPOINT WARNING * * *
Donald the Adventurer comes into view.
He is wielding a +2 vorpal scimitar, wearing a +1 plate armour of poison resistance and wearing a +0 kite shield of reflection.
A wolf spider comes into view.
You are confused.
You feel invigorated.
The steelbarb worm hits you but does no damage.
The pharaoh ant barely misses you.
The demonic crawler hits you but does no damage.
The demonic crawler hits you!
* * * LOW HITPOINT WARNING * * *
The demonic crawler hits you but does no damage.
The steelbarb worm hits you!
* * * LOW HITPOINT WARNING * * *
Barbed spikes become lodged in your body.
The demonic crawler shrieks in warning!
The pharaoh ant bites you.
* * * LOW HITPOINT WARNING * * *
You partially resist.
You feel drained.
* * * LOW HITPOINT WARNING * * *
The torpor snail closely misses you.
You hear an angry hiss.
You are too confused!
The pharaoh ant bites you.
* * * LOW HITPOINT WARNING * * *
The steelbarb worm hits you but does no damage.
The demonic crawler hits you!
* * * LOW HITPOINT WARNING * * *
The demonic crawler hits you but does no damage. x2
Donald says, "So, are you allowed to read books?"
The pharaoh ant bites you!!
You die...

## #.##
##w.<##
#@ss^.#
#..Bw#sB..#
##..ys ..##
.....#s ..#
....###..
... ..@.##
.# .. ....
.. . .#. .#


You could see Donald, a steelbarb worm, a spark wasp, a torpor snail, a demonic
crawler, 2 wolf spiders, an orb spider, 2 pharaoh ants and a tarantella.

Vanquished Creatures
  Gastronok (D:8)
  A minotaur (Gauntlet)
  A spark wasp (Spider:1)
  A boulder beetle (Spider:1)
  3 hydras
  2 catoblepae
  A two-headed ogre (D:10)
  An orc high priest (Orc:2)
  A sixfirhy (Gauntlet)
  A bog body (Lair:2)
  An orb spider (Spider:1)
  A wolf spider (Spider:1)
  A necromancer (Gauntlet)
  2 manticores (D:11)
  5 orc sorcerers
  3 oklob plants (Lair:5)
  6 elephants (Lair:6)
  3 black mambas
  9 cane toads
  A minotaur zombie (Gauntlet)
  An unseen horror (D:11)
  2 torpor snails
  A rime drake (Lair:5)
  A kobold demonologist (D:9)
  An efreet (Gauntlet)
  4 demonic crawlers
  12 komodo dragons
  A troll (D:10)
  A queen bee (Lair:3)
  5 polar bears
  A tarantella (Spider:1)
  Grinder (D:3)
  6 hornets
  8 dream sheep
  12 blink frogs
  2 jumping spiders (Spider:1)
  A culicivora (Spider:1)
  10 spriggans (Lair:6)
  40 yaks
  7 wyverns
  4 basilisks
  3 fire elementals (Gauntlet)
  6 redbacks
  2 wargs (Orc:1)
  3 swamp worms (Lair:3)
  14 water moccasins
  2 hell hounds (Gauntlet)
  An ice beast (D:7)
  2 sky beasts
  17 orc warriors
  6 black bears
  5 boggarts (Lair:6)
  An ogre (Orc:2)
  30 wolves
  4 centaurs
  2 kobold brigands
  6 bullfrogs
  A necrophage (D:7)
  4 scorpions
  3 wights (D:8)
  27 killer bees
  An electric eel (Lair:5)
  2 howler monkeys
  4 hounds (D:5)
  4 jellies
  20 orc priests
  6 iguanas
  Natasha (thrice) (D:3)
  25 orc wizards
  A hound skeleton (D:7)
  3 gnolls (D:6)
  11 adders
  2 white imps (D:6)
  5 ufetubi
  2 worms
  3 dart slugs
  45 orcs
  10 endoplasms
  2 giant cockroaches
  3 hobgoblins
  9 kobolds
  3 quokkas
  3 ball pythons
  4 bats
  4 frilled lizards
  12 goblins
  7 rats
499 creatures vanquished.

Vanquished Creatures (others)
  A bush (Lair:2)
  50 fungi
  59 plants
  2 withered plants (Gauntlet)
112 creatures vanquished.

Grand Total: 611 creatures vanquished

Notes
Turn   | Place    | Note
-------+----------+-------------------------------------------
     0 | D:1      | Faeu the Minotaur Berserker began the quest for the Orb.
     0 | D:1      | Reached XP level 1. HP: 19/19 MP: 0/0
   271 | D:1      | Reached skill level 4 in Axes
   271 | D:1      | Reached XP level 2. HP: 26/27 MP: 1/1
   389 | D:1      | Found Uxyima's Antique Armour Emporium.
   435 | D:1      | Found a faded altar of an unknown god.
   827 | D:2      | Reached ** piety under Trog
   903 | D:2      | Reached XP level 3. HP: 34/34 MP: 2/2
  1406 | D:2      | Reached XP level 4. HP: 21/41 MP: 3/3
  1584 | D:2      | Reached skill level 5 in Axes
  1713 | D:2      | Reached skill level 5 in Fighting
  1868 | D:2      | Found the +2 shield of Resistance {rF++ rC++ Will++}
  1992 | D:3      | Noticed Natasha
  2005 | D:3      | Killed Natasha
  2021 | D:3      | Noticed Natasha
  2028 | D:3      | Killed Natasha
  2143 | D:3      | Noticed Natasha
  2150 | D:3      | Killed Natasha
  2151 | D:3      | Reached XP level 5. HP: 43/49 MP: 4/4
  2248 | D:3      | Found a snail-covered altar of Cheibriados.
  2248 | D:3      | You fall into a shaft and drop 2 floors!
  2248 | D:5      | Entered Level 5 of the Dungeon
  2393 | D:4      | Reached skill level 6 in Axes
  2618 | D:3      | Found Ikiypoich's Antique Armour Boutique.
  2830 | D:3      | Found a blossoming altar of Fedhas.
  2885 | D:3      | Noticed Grinder
  3136 | D:3      | Paralysed by Grinder for 4 turns
  3170 | D:3      | Paralysed by Grinder for 2 turns
  3177 | D:3      | Paralysed by Grinder for 3 turns
  3181 | D:3      | Paralysed by Grinder for 4 turns
  3190 | D:3      | Killed Grinder
  3191 | D:3      | Reached skill level 7 in Axes
  3191 | D:3      | Reached XP level 6. HP: 44/60 MP: 5/5
  4255 | D:5      | Reached XP level 7. HP: 66/66 MP: 6/6
  4302 | D:5      | Found a shimmering blue altar of Sif Muna.
  4599 | D:5      | Reached skill level 8 in Axes
  4625 | D:5      | Found a runed translucent gate.
  4626 | D:5      | Found a runed translucent gate.
  4626 | D:5      | Found a runed translucent gate.
  4627 | D:5      | Noticed stillor's ghost (novice DrTm)
  4681 | D:5      | Reached skill level 1 in Shields
  4731 | D:5      | Found a sacrificial altar of Ru.
  4731 | D:5      | Found an ancient bone altar of Kikubaaqudgha.
  4731 | D:5      | Found a sparkling altar of Nemelex Xobeh.
  4771 | D:5      | Identified the +0 cloak of the Equator {rElec rN+ Stlth+}
  4826 | D:5      | Identified the ring "Mataj" {rF++ rC+ rCorr Int-2}
  4967 | D:5      | Found Egioso's Book Emporium.
  5095 | D:5      | Reached *** piety under Trog
  5098 | D:5      | Reached XP level 8. HP: 71/75 MP: 7/7
  5787 | D:6      | Reached skill level 9 in Axes
  6214 | D:7      | Found a staircase to the Ecumenical Temple.
  6524 | D:7      | Found a flagged portal.
  6574 | D:7      | Found a burning altar of Makhleb.
  6644 | D:7      | Reached skill level 5 in Shields
  6798 | D:8      | Noticed a hornet
  6804 | D:8      | Paralysed by a hornet for 3 turns
  6811 | D:8      | Killed a hornet
  6812 | D:8      | Reached XP level 9. HP: 85/85 MP: 8/8
  7051 | D:8      | Reached skill level 10 in Axes
  7135 | D:8      | Reached skill level 10 in Fighting
  7676 | D:8      | Noticed Gastronok
  7717 | D:9      | Noticed a kobold demonologist
  7782 | D:8      | Killed Gastronok
  7783 | D:8      | Reached skill level 11 in Axes
  8209 | D:9      | Found a shimmering altar of Xom.
  8220 | D:9      | Killed a kobold demonologist
  8305 | D:9      | Found a hazy altar of Hepliaklqana.
  8383 | D:9      | Reached XP level 10. HP: 96/96 MP: 9/9
  8576 | D:9      | Found an ornate altar of the Wu Jian Council.
  8727 | D:9      | Found a radiant altar of Vehumet.
  8881 | D:10     | Entered Level 10 of the Dungeon
  8962 | D:10     | Reached **** piety under Trog
  9128 | D:10     | Reached skill level 12 in Axes
  9192 | D:10     | Found a staircase to the Lair.
  9347 | D:10     | Noticed a two-headed ogre
  9356 | D:10     | Killed a two-headed ogre
  9374 | D:10     | Paralysed by a hornet for 2 turns
  9577 | D:10     | Reached skill level 10 in Shields
  9636 | D:10     | Found an opulent altar of Gozag.
 10062 | D:11     | Noticed a manticore
 10067 | D:11     | Killed a manticore
 10068 | D:11     | Reached XP level 11. HP: 106/106 MP: 10/10
 10208 | D:11     | Reached skill level 13 in Axes
 10400 | D:11     | Found a staircase to the Orcish Mines.
 10757 | D:12     | Noticed a seven-headed hydra
 10820 | Orc:1    | Entered Level 1 of the Orcish Mines
 10820 | Orc:1    | You are sucked into a shaft and drop 1 floor!
 10820 | Orc:2    | Entered Level 2 of the Orcish Mines
 10860 | Orc:2    | Found a staircase to the Elven Halls.
 11405 | Orc:2    | Found a shimmering altar of Xom.
 12000 | Orc:2    | Reached ***** piety under Trog
 12014 | Orc:2    | Noticed an orc high priest
 12038 | Orc:2    | Killed an orc high priest
 12200 | Orc:2    | Noticed an orc sorcerer
 12239 | Orc:2    | Killed an orc sorcerer
 12240 | Orc:2    | Reached skill level 14 in Axes
 12455 | Orc:2    | Noticed an orc sorcerer
 12469 | Orc:2    | Killed an orc sorcerer
 12607 | Orc:2    | Noticed an orc sorcerer
 12639 | Orc:2    | Gained mutation: Your body sometimes deteriorates upon
                  | taking damage. [a neqoxec]
 12642 | Orc:2    | Gained mutation: You are frail. (-10% HP) [a neqoxec]
 12650 | Orc:2    | Killed an orc sorcerer
 12759 | Orc:2    | Found Teciciasau's Magic Scroll Emporium.
 12759 | Orc:2    | Found Turoun's Armour Shoppe.
 12762 | Orc:2    | Found Zojecoq's Antique Armour Shoppe.
 12764 | Orc:2    | Found Otzionur's Weapon Emporium.
 12765 | Orc:2    | Noticed an orc sorcerer
 12777 | Orc:2    | Killed an orc sorcerer
 13269 | Elf:1    | Entered Level 1 of the Elven Halls
 13289 | Orc:1    | Noticed an orc sorcerer
 13290 | Orc:1    | Noticed a sixfirhy
 13300 | Orc:1    | Received a gift from Trog
 13309 | Orc:1    | Killed an orc sorcerer
 13687 | Lair:1   | Entered Level 1 of the Lair of Beasts
 13744 | Lair:1   | Reached skill level 5 in Armour
 14469 | Lair:2   | Noticed a five-headed hydra
 14477 | Lair:1   | Killed a five-headed hydra
 14478 | Lair:1   | Reached XP level 12. HP: 70/106 MP: 11/11
 14538 | Lair:1   | Reached skill level 15 in Axes
 14870 | Lair:2   | Found a staircase to the Swamp.
 15280 | Lair:2   | Reached skill level 16 in Axes
 15962 | Orc:2    | Bought a pair of pitted boots for 228 gold pieces
 15962 | Orc:2    | Identified the +1 pair of boots of Vemacs {Drain +Blink
                  | Regen+ rCorr} (You bought it in a shop on level 2 of the
                  | Orcish Mines)
 16157 | Lair:3   | Found a gate leading to a gauntlet.
 16166 | Gauntlet | Entered a Gauntlet
 16166 | Gauntlet | Found a transporter.
 16166 | Gauntlet | Found a transporter.
 16181 | Gauntlet | Found a transporter.
 16183 | Gauntlet | Found a transporter.
 16191 | Gauntlet | Found a transporter.
 16192 | Gauntlet | Found a transporter.
 16195 | Gauntlet | Noticed a quicksilver ooze
 16200 | Gauntlet | Found a transporter.
 16220 | Gauntlet | Found a transporter.
 16238 | Gauntlet | Found a transporter.
 16242 | Gauntlet | Found a transporter.
 16252 | Gauntlet | Found a transporter.
 16254 | Gauntlet | Found a transporter.
 16496 | Gauntlet | Noticed a two-headed ogre
 16496 | Gauntlet | a deep troll changed into a two-headed ogre
 16507 | Gauntlet | a two-headed ogre changed into a swamp dragon
 16635 | Gauntlet | Identified the +2 morningstar "Uffudigy" {freeze, rN+}
 16635 | Gauntlet | Noticed a minotaur
 16665 | Gauntlet | Killed a minotaur
 17008 | Lair:3   | Reached skill level 10 in Armour
 17288 | Lair:3   | Received a gift from Trog
 17478 | Lair:3   | Noticed a catoblepas
 17502 | Lair:3   | Killed a catoblepas
 17503 | Lair:3   | Reached skill level 17 in Axes
 17918 | Lair:3   | Reached XP level 13. HP: 108/112 MP: 7/12
 18636 | Lair:4   | Reached skill level 1 in Evocations
 18864 | Lair:4   | Found a hole to the Spider Nest.
 19967 | Lair:5   | Identified the +5 ring mail "Ikef" {rPois rF+}
 20256 | Lair:5   | Found a staircase to the Slime Pits.
 20498 | Lair:6   | Entered Level 6 of the Lair of Beasts
 20654 | Lair:6   | Reached skill level 18 in Axes
 20731 | Lair:6   | Received a gift from Trog
 21585 | Lair:6   | Reached skill level 19 in Axes
 21681 | Lair:6   | Reached XP level 14. HP: 119/119 MP: 9/13
 23013 | Lair:6   | Identified the +2 plate armour of Ugunieda {+Blink rF-
                  | Will+}
 23927 | Spider:1 | Entered Level 1 of the Spider Nest
 23979 | Spider:1 | Reached skill level 15 in Fighting
 24305 | Spider:2 | Noticed Donald
 24307 | Spider:2 | Mangled by a pharaoh ant

Illustrated notes

Levels and vault maps discovered:
D:1:      dpeg_arrival_orchard, layout_basic, serial_shops, nicolae_shop_trees,
          basic_ecumenical_altar
D:2:      layout_basic
D:3:      layout_rooms, fedhas_altar_fruit_tree, cheibrodos_worm_habitat,
          serial_shops, nicolae_shop_waterfront, serial_rivers,
          chequers_serial_rivers_marsh, chequers_serial_rivers_micro_b,
          chequers_serial_rivers_micro_c, chequers_serial_rivers_micro_c,
          uniq_natasha, uniq_grinder
D:4:      layout_basic, minivault_25
D:5:      layout_loops_ring, mainiacjoe_overflow_concentric_impassable,
          minitemple, ebering_ghost_rock_garden, serial_shops,
          nicolae_shop_behind_doors, nicolae_elevator_lobby_plus
D:6:      layout_basic
D:7:      layout_cave_pools, makhleb_blood_cavern_becter,
          minmay_temple_entry_tees, enter_bailey_3
D:8:      layout_loops_ring, uniq_gastronok
D:9:      layout_rooms, mainiacjoe_overflow_chevrons,
          nicolae_wu_jian_wuxing_cycle, mainiacjoe_overflow_tiny_flanked,
          vehumet_statue, serial_glass, glass_columns_b, glass_columns_c
D:10:     layout_stronghold, grunt_gozag_breadcrumbs,
          due_lair_maze_entry_diamond
D:11:     layout_roguey, david_orc_4, minmay_crystal_room
D:12:     layout_cave_pools
Lair:1:   layout_small_grid
Lair:2:   layout_roguey, skrybe_swamp_entry_bodies, infiniplex_staircase_pool_2,
          grunt_megastairs_5
Lair:3:   hellmonk_destroyed_diamonds, layout_cave_pods, special_room
          [special_room_bee], gauntlet_entry_generic, worms_lemuel,
          serial_bayou_shore_b
Lair:4:   layout_cave_pods, spider_nest_entry_webs
Lair:5:   layout_regular_city, minmay_slime_entry_oklob_enclosed,
          grunt_megastairs_3, infiniplex_staircase_pool
Lair:6:   minmay_lair_end_enchanted_forest, layout_regular_city
Spider:1: layout_chambers, nicolae_spider_bzzzt
Spider:2: layout_spider_delve, uniq_donald
Orc:1:    layout_diamond_mine
Orc:2:    st_orc_mages, layout_caves, basic_altar
Elf:1:    eino_elf_arrival_the_gate, layout_loops_corners, serial_shops,
          shop_statue, minmay_elf_crystal_hexagon

Skill      XL: |  1  2  3  4  5  6  7  8  9 10 11 12 13 14 |
---------------+-------------------------------------------+-----
Fighting       | 4 5 7 8 9 11 12 14 15 | 15.4
Axes           | 4 5 7 8 9 11 12 14 17 19 | 19.1
Shields        | 2 5 8 10 | 10.4
Armour         | 5 10 13 14 | 14.9
Evocations     | 1 |  1.1
Dodging        | |  2.1

Action                   |  1- 3 |  4- 6 |  7- 9 | 10-12 | 13-15 || total
-------------------------+-------+-------+-------+-------+-------++-------
Melee: Hand axe          |    75 |   130 |   249 |   832 |       ||  1286
       Headbutt          |    12 |    16 |    58 |   173 |    88 ||   347
       Punch             |     1 |     1 |       |       |       ||     2
       Unarmed           |       |     1 |       |       |       ||     1
       Trident           |       |       |       |    33 |       ||    33
       Broad axe         |       |       |       |    26 |   399 ||   425
       Morningstar       |       |       |       |       |     9 ||     9
Throw: Boomerang         |       |       |       |     5 |       ||     5
Invok: Berserk           |       |       |     3 |    15 |     8 ||    26
Evoke: Wand              |       |     2 |       |     2 |     2 ||     6
  Use: Scroll            |       |       |     7 |    13 |     2 ||    22
       Potion            |       |       |       |       |     1 ||     1
 Stab: Distracted        |       |       |       |     1 |     2 ||     3
       Petrified         |       |       |       |       |     1 ||     1
Armor: Animal skin       |    13 |       |       |       |       ||    13
       Chain mail        |       |    49 |    32 |       |       ||    81
       Skin              |       |     7 |       |       |       ||     7
       Scale mail        |       |       |    52 |       |       ||    52
       Plate armour      |       |       |     7 |   306 |       ||   313
       Ring mail         |       |       |       |    32 |   190 ||   222
Dodge: Dodged            |    39 |    41 |    70 |   146 |   131 ||   427
Block: Kite shield       |       |       |    96 |   441 |   254 ||   791

Table legend: (Time is in decaauts)
 A = Elapsed time spent in this place.
 B = Non-inter-level travel time spent in this place.
 C = Inter-level travel time spent in this place.
 D = Time resting spent in this place.
 E = Time spent auto-exploring this place.
 F = Levels seen in this place.
 G = Mean time per level.
                   A        B        C        D        E       F      G
               +--------+--------+--------+--------+--------+-----+--------+
         Total |  24300 |  23079 |   1221 |   3608 |  12092 |  24 | 1012.5 |
       Dungeon |  11223 |  10414 |    809 |    633 |   7175 |  12 |  935.2 |
          Lair |   9197 |   8938 |    259 |   2087 |   4115 |   6 | 1532.8 |
   Spider Nest |    319 |    319 |      0 |      0 |     61 |   2 |  159.5 |
  Orcish Mines |   2843 |   2691 |    152 |    739 |    581 |   2 | 1421.5 |
   Elven Halls |      1 |      1 |      0 |      0 |      0 |   1 |    1.0 |
      Gauntlet |    715 |    715 |      0 |    148 |    160 |   1 |  715.0 |
               +--------+--------+--------+--------+--------+-----+--------+

Top non-repeatable levels by time:
  Lair:6: 2995 daAuts
   Orc:2: 2433 daAuts
  Lair:3: 1490 daAuts
  Lair:5: 1487 daAuts
     D:8: 1284 daAuts
  Lair:2: 1247 daAuts
    D:11: 1242 daAuts
     D:2: 1180 daAuts
  Lair:4: 1163 daAuts
     D:5: 1138 daAuts
     D:3: 1128 daAuts
    D:10: 1029 daAuts
     D:4: 981 daAuts
     D:6: 939 daAuts
     D:1: 878 daAuts
